 Dungeon Crawl Stone Soup version 0.28-a0-925-gd5e1996cdb (webtiles) character file.

Game seed: 2367053189014977435

1605 oldmanjim the Cleaver (level 8, -3/68 HPs)
             Began as a Hill Orc Fighter on Nov 26, 2021.
             Was an Initiate of Beogh.
             Slain by an orc (5 damage)
             ... in a bailey.
             The game lasted 00:27:20 (5807 turns).

oldmanjim the Cleaver (Hill Orc Fighter)            Turns: 5807, Time: 00:27:21

Health: -3/68      AC: 16    Str: 21    XL:     8   Next: 94%
Magic:  0/11       EV: 10    Int:  8    God:    Beogh [......]
Gold:   255        SH:  4    Dex: 10    Spells: 7/7 levels left

rFire   . . .      SeeInvis .   b - +0 hand crossbow
rCold   . . .      Faith    .   c - +0 buckler
rNeg    . . .      Spirit   +   u - quicksilver dragon scales
rPois   .          Reflect  .   m - +0 helmet
rElec   .          Harm     .   (no cloak)
rCorr   .          Rampage  .   (no gloves)
Will    +....                   (no boots)
Stlth   ..........              q - amulet of guardian spirit
HPRegen 0.21/turn               r - +4 ring of protection
MPRegen 0.12/turn               (no ring)

@: no status effects
A: no striking features
a: Renounce Religion


You were in a bailey.
You worshipped Beogh.
Beogh was noncommittal.
You visited 1 branch of the dungeon, and saw 7 of its levels.
You also visited: Bailey.

You collected 315 gold pieces.
You spent 60 gold pieces at shops.

Inventory:

Hand Weapons
 a - a +11 club
 b - a +0 hand crossbow (weapon)
 l - a +0 war axe
Missiles
 i - 73 stones
 n - 60 arrows
 w - 35 bolts (quivered ammo)
 x - 40 sling bullets
 B - 9 poisoned darts
 C - a curare-tipped dart
Armour
 c - a +0 buckler (worn)
 m - a +0 helmet (worn)
 u - quicksilver dragon scales (worn)
Magical Staves
 j - a staff of cold
Jewellery
 q - an amulet of guardian spirit (around neck)
 r - a +4 ring of protection (left hand)
Scrolls
 h - a scroll of enchant weapon {unknown}
 p - a scroll of enchant armour {unknown}
 t - a scroll of teleportation {unknown}
 y - a scroll of amnesia {unknown}
 z - a scroll of fog {unknown}
Potions
 d - a potion of might
 e - 2 potions of mutation
 f - a potion of invisibility {unknown}
 g - 2 potions of resistance {unknown}
 k - 2 potions of lignification
 o - a potion of brilliance
 s - 2 potions of flight
 v - 2 potions of berserk rage


   Skills:
 - Level 5.0 Fighting
 - Level 11.0 Axes
 + Level 6.3 Armour
 - Level 4.0 Shields
 - Level 5.0 Invocations


You had 7 spell levels left.
You didn't know any spells.
Your spell library contained the following spells:

 Spells                   Type           Power      Damage    Failure   Level
 Animate Skeleton         Necr           0%         N/A       56%         1
 Freeze                   Ice            0%         1d3       56%         1
 Pain                     Necr           0%         1d4       56%         1
 Corpse Rot               Necr/Air       0%         N/A       71%         2
 Poisonous Vapours        Pois/Air       0%         N/A       71%         2
 Frozen Ramparts          Ice            0%         1d2       90%         3
 Inner Flame              Hex/Fire       0%         N/A       90%         3
 Vampiric Draining        Necr           0%         2d6       90%         3
 Animate Dead             Necr           0%         N/A       100%        4
 Cause Fear               Hex            0%         N/A       100%        4
 Hailstorm                Conj/Ice       0%         3d3       100%        4
 Ice Form                 Ice/Tmut       0%         N/A       100%        4
 Summon Ice Beast         Ice/Summ       0%         N/A       100%        4
 Borgnjor's Vile Clutch   Necr/Erth      0%         N/A       100%        5
 Death Channel            Necr           0%         N/A       100%        6
 Discord                  Hex            0%         N/A       100%        8


Dungeon Overview and Level Annotations

Branches:
Dungeon (7/15)             Temple (0/1) D:6          Bailey (1/1)

Altars:
Ashenzari
Gozag
Kikubaaqudgha
Nemelex Xobeh
Qazlal
Trog
The Shining One

Shops:
D:1 :   D:2 *


Message History

The centaur is almost dead.
The centaur throws a javelin.
The javelin closely misses you.
The centaur throws a javelin.
The javelin pierces through you!
Fire: 39 bolts
Press: ? - help, Q - select action, (/) - cycle Shift-Dir - straight line, f/p - centaur
Aim: a centaur, wielding a +0 spear, wearing a +0 chain mail and quivering javelins (almost dead, 79% to hit)
You shoot a bolt.
The bolt hits the centaur but does no damage.
The centaur is almost dead.
The centaur throws a javelin.
The javelin pierces through you.
Fire: 38 bolts
Press: ? - help, Q - select action, (/) - cycle Shift-Dir - straight line, f/p - centaur
Aim: a centaur, wielding a +0 spear, wearing a +0 chain mail and quivering javelins (almost dead, 79% to hit)
You shoot a bolt. The bolt hits the centaur.
The centaur is almost dead.
The centaur throws a javelin.
The javelin pierces through you!
* * * LOW HITPOINT WARNING * * *
Fire: 37 bolts
Press: ? - help, Q - select action, (/) - cycle Shift-Dir - straight line, f/p - centaur
Aim: a centaur, wielding a +0 spear, wearing a +0 chain mail and quivering javelins (almost dead, 79% to hit)
You shoot a bolt. The bolt completely misses the centaur.
Fire: 36 bolts
Press: ? - help, Q - select action, (/) - cycle Shift-Dir - straight line, f/p - centaur
Aim: a centaur, wielding a +0 spear, wearing a +0 chain mail and quivering javelins (almost dead, 79% to hit)
You shoot a bolt. The bolt hits the centaur!
You kill the centaur!
Beogh accepts your kill.
Training target 6.0 for Armour reached!
Your Armour skill increases to level 6!
You need to enable at least one skill for training.
Training target 5.0 for Fighting reached!
The centaur throws a javelin.
The javelin pierces through you.
* * * LOW HITPOINT WARNING * * *
The centaur throws a javelin.
The javelin pierces through you.
* * * LOW HITPOINT WARNING * * *
The centaur throws a javelin.
The javelin pierces through you!
* * * LOW HITPOINT WARNING * * *
The orc barely misses you. The orc hits you with a +0 halberd.
You die...
Beogh appreciates the orc's killing of a heretic priest.

#########
##≈≈≈≈≈≈≈##
##≈≈≈$($≈≈≈##
###≈≈⌠$.$.$⌠≈≈##
≈≈≈≈..o.oo...≈≈≈
......≈≈≈≈≈.....
.....≈≈@.o≈≈....
..≈.≈≈o≈.≈.≈≈.≈.
.≈≈.≈.≈≈.≈≈o≈.≈≈
.≈.≈≈.≈...≈.≈≈.≈
.≈.≈.≈≈...≈≈.≈.≈
.≈.≈c≈.⌠∩⌠.≈.≈.≈
.≈.≈.≈..∩..≈.≈.≈
.≈.≈.≈.⌠∩⌠.≈.≈.≈
.≈.≈.≈≈...≈≈.≈.≈


You could see a centaur and 6 orcs.

Vanquished Creatures
  Edmund (D:4)
  A water moccasin (D:6)
  An ice beast (D:6)
  2 ogres (D:6)
  2 centaurs
  A kobold brigand (D:6)
  3 bullfrogs (D:6)
  A water moccasin skeleton (D:5)
  6 killer bees (D:7)
  A howler monkey (D:6)
  A hound (D:6)
  A jelly (D:5)
  An orc priest (D:6)
  Jessica (D:2)
  A bullfrog skeleton (D:5)
  Terence (D:2)
  2 iguanas
  A hound zombie (D:3)
  A hound skeleton (D:5)
  Robin (D:2)
  2 adders
  2 dart slugs (D:2)
  10 orcs
  4 ball pythons
  7 endoplasms
  2 giant cockroaches (D:1)
  8 goblins
  10 hobgoblins
  12 kobolds
  6 quokkas
  3 bats
  2 frilled lizards (D:1)
  4 rats
102 creatures vanquished.

Vanquished Creatures (others)
  A howler monkey (D:4)
1 creature vanquished.

Grand Total: 103 creatures vanquished

Notes
Turn   | Place    | Note
-------+----------+-------------------------------------------
     0 | D:1      | oldmanjim the Hill Orc Fighter began the quest for the Orb.
     0 | D:1      | Reached XP level 1. HP: 19/19 MP: 1/1
   250 | D:1      | Reached XP level 2. HP: 27/27 MP: 2/2
   258 | D:1      | Reached skill level 3 in Axes
   431 | D:1      | Found Neiqi's Book Shoppe.
   970 | D:2      | Noticed Robin
   981 | D:2      | Reached XP level 3. HP: 33/33 MP: 3/3
  1433 | D:2      | Killed Robin
  1754 | D:2      | Found Ibiubaab's Assorted Antiques.
  1937 | D:2      | Found an opulent altar of Gozag.
  2014 | D:2      | Noticed Terence
  2029 | D:2      | Killed Terence
  2030 | D:2      | Reached skill level 4 in Axes
  2030 | D:2      | Reached XP level 4. HP: 28/40 MP: 4/4
  2137 | D:2      | Noticed Jessica
  2154 | D:2      | Killed Jessica
  2337 | D:2      | Bought a scroll labelled NIOHUP GYSILI for 30 gold pieces
  2337 | D:2      | Bought a scroll labelled MEOMUR RUN for 30 gold pieces
  2432 | D:3      | Reached XP level 5. HP: 46/46 MP: 5/5
  2495 | D:3      | Reached skill level 5 in Axes
  2520 | D:3      | Found an ancient bone altar of Kikubaaqudgha.
  2878 | D:3      | Found a sparkling altar of Nemelex Xobeh.
  2933 | D:3      | Found a bloodstained altar of Trog.
  3244 | D:4      | Became a worshipper of Beogh the Brigand
  3523 | D:4      | Found a broken altar of Ashenzari.
  3586 | D:4      | Noticed Edmund
  3606 | D:4      | Killed Edmund
  3607 | D:4      | Reached skill level 7 in Axes
  3607 | D:4      | Reached XP level 6. HP: 40/52 MP: 6/6
  3776 | D:5      | Entered Level 5 of the Dungeon
  3838 | D:5      | Found a glowing golden altar of the Shining One.
  3904 | D:5      | Reached skill level 8 in Axes
  4039 | D:5      | Reached skill level 1 in Invocations
  4300 | D:6      | Found a staircase to the Ecumenical Temple.
  4320 | D:6      | Reached XP level 7. HP: 47/59 MP: 6/8
  4708 | D:6      | Reached skill level 9 in Axes
  4906 | D:6      | Reached skill level 5 in Invocations
  4906 | D:6      | Reached XP level 8. HP: 62/66 MP: 9/11
  5014 | D:6      | Reached skill level 10 in Axes
  5096 | D:6      | Reached skill level 5 in Fighting
  5137 | D:6      | Found a stormy altar of Qazlal.
  5743 | D:7      | Reached skill level 5 in Armour
  5756 | D:7      | Reached skill level 11 in Axes
  5771 | D:7      | Found a flagged portal.
  5777 | Bailey   | Entered a bailey
  5806 | Bailey   | HP: 2/68 [centaur/javelin (10)]
  5807 | Bailey   | Slain by an orc

Illustrated notes

Levels and vault maps discovered:
D:1:      minmay_arrival_solitary_statue, layout_loops_ring, serial_shops,
          nicolae_square_shop
D:2:      layout_basic, serial_shops, shop, basic_altar, uniq_jessica,
          uniq_terence, uniq_robin
D:3:      layout_basic, nemelex_diamond_rough_becter,
          mainiacjoe_overflow_alcove_2, mainiacjoe_overflow_boulevard,
          due_unseen_surprise
D:4:      layout_rooms, lemuel_crystal_altar, uniq_edmund
D:5:      layout_cave_pools, tso_metal_star
D:6:      layout_loops_corners, mainiacjoe_overflow_catwalk,
          minmay_temple_entry_statues_pillars
D:7:      layout_basic, serial_shops, nicolae_shop_stone, enter_bailey_2,
          uniq_joseph, uniq_pikel
Bailey:   bailey_polearm_flooded_kennysheep, bailey

Skill      XL: |  1  2  3  4  5  6  7  8 |
---------------+-------------------------+-----
Axes           | 3 4 7 8 9 11 | 11.0
Fighting       | 4 5 |  5.0
Armour         | 4 6 |  6.3
Shields        | 4 |  4.0
Invocations    | 1 5 |  5.0

Action                   |  1- 3 |  4- 6 |  7- 9 || total
-------------------------+-------+-------+-------++-------
Melee: War axe           |    82 |       |       ||    82
       Club              |    24 |    80 |   114 ||   218
 Fire: Hand crossbow     |       |       |    15 ||    15
Throw: Stone             |       |       |     1 ||     1
Invok: Convert to Beogh  |       |     1 |       ||     1
  Use: Scroll            |       |     5 |       ||     5
       Potion            |       |       |     1 ||     1
Armor: Scale mail        |    34 |       |       ||    34
       Chain mail        |       |    16 |       ||    16
       Quicksilver drago |       |    10 |    44 ||    54
Dodge: Dodged            |    39 |    26 |    66 ||   131
Block: Buckler           |    18 |    13 |    29 ||    60

Table legend: (Time is in decaauts)
 A = Elapsed time spent in this place.
 B = Non-inter-level travel time spent in this place.
 C = Inter-level travel time spent in this place.
 D = Time resting spent in this place.
 E = Time spent auto-exploring this place.
 F = Levels seen in this place.
 G = Mean time per level.
                   A        B        C        D        E       F      G
               +--------+--------+--------+--------+--------+-----+--------+
         Total |   5868 |   5684 |    184 |    419 |   4404 |   8 |  733.5 |
       Dungeon |   5833 |   5649 |    184 |    419 |   4404 |   7 |  833.3 |
        Bailey |     34 |     34 |      0 |      0 |      0 |   1 |   34.0 |
               +--------+--------+--------+--------+--------+-----+--------+

Top non-repeatable levels by time:
     D:1: 1551 daAuts
     D:6: 1440 daAuts
     D:3: 885 daAuts
     D:2: 848 daAuts
     D:4: 534 daAuts
     D:5: 523 daAuts
     D:7: 48 daAuts
  Bailey: 34 daAuts
